 Dungeon Crawl Stone Soup version 0.30-a0-737-gf23d94013f (webtiles) character file.

Game seed: 8986871142937089445

2852 bande the Shield-Bearer (level 9, 0/54 HPs)
             Began as a Gargoyle Fighter on Feb 3, 2023.
             Was a Follower of Okawaru.
             Slain by a gnoll sergeant
             ... wielding a +2 trident of flaming
              (3 damage)
             ... on level 7 of the Dungeon.
             The game lasted 00:09:34 (6766 turns).

bande the Shield-Bearer (Gargoyle Fighter)          Turns: 6766, Time: 00:09:35

Health: 0/54       AC: 14    Str: 20    XL:     9   Next: 75%
Magic:  10/11      EV:  6    Int:  9    God:    Okawaru [*.....]
Gold:   405        SH: 20    Dex: 13    Spells: 8/8 levels left

rFire   . . .      SeeInvis .    a - +0 war axe
rCold   + . .      Faith    .    g - +0 tower shield
rNeg    + . .      Spirit   .    b - +0 scale mail
rPois   ∞          Reflect  +    (no helmet)
rElec   +          Harm     .    (no cloak)
rCorr   .          Rampage  .    (no gloves)
Will    .....                    (no boots) Stlth
                                 f - amulet of reflection
HPRegen 0.29/turn                j - ring of protection from cold
MPRegen 0.12/turn                (no ring)

@: no status effects
A: sickness immunity, AC +6, negative energy resistance 1, electricity
resistance, torment resistance 1, petrification resistance
a: Renounce Religion, Heroism


You were on level 7 of the Dungeon.
You worshipped Okawaru.
Okawaru was aware of your devotion.
You visited 2 branches of the dungeon, and saw 8 of its levels.
You also visited: Sewer.

You collected 405 gold pieces.

Inventory:

Hand Weapons
 a - a +0 war axe (weapon)
 t - a +0 flail
 C - a +0 war axe
Missiles
 c - a throwing net (quivered)
Armour
 b - a +0 scale mail (worn)
 g - a +0 tower shield (worn)
Jewellery
 f - an amulet of reflection (around neck)
 i - an amulet of the acrobat
 j - a ring of protection from cold (left hand)
 x - a +6 ring of intelligence
Wands
 o - a wand of flame (24)
Scrolls
 e - 2 scrolls of noise {unknown}
 h - 4 scrolls of fog
 p - a scroll of teleportation {unknown}
 r - 5 scrolls of vulnerability {unknown}
 s - 2 scrolls of amnesia {unknown}
 u - a scroll of enchant armour {unknown}
 w - 3 scrolls of enchant weapon {unknown}
 y - 4 scrolls of immolation {unknown}
 B - 2 scrolls of fear {unknown}
 D - 5 scrolls of identify
 E - a scroll of magic mapping {unknown}
 F - 4 scrolls of brand weapon {unknown}
Potions
 d - a potion of might
 k - 2 potions of brilliance
 l - a potion of cancellation
 m - a potion of heal wounds
 n - 2 potions of haste
 q - a potion of invisibility {unknown}
 v - a potion of resistance {unknown}
 z - 4 potions of curing
 A - 2 potions of magic {unknown}
 G - a potion of degeneration {unknown}


   Skills:
 + Level 5.5 Fighting
 + Level 7.3 Axes
 + Level 6.1 Armour
 + Level 7.9 Shields
 * Level 2.6 Invocations
 * Level 4.0 Evocations


You had 8 spell levels left.
You didn't know any spells.
Your spell library contained the following spells:

 Spells                   Type           Power      Damage    Failure   Level
 Shock                    Conj/Air       0%         1d3       100%        1
 Swiftness                Air            0%         N/A       100%        3
 Airstrike                Air            0%         2d(0-16)  100%        4


Dungeon Overview and Level Annotations

Branches:
Dungeon (7/15)             Temple (1/1) D:6           Sewer (visited)

Altars:
Ashenzari
Cheibriados
Dithmenos
Elyvilon
Fedhas
Gozag
Hepliaklqana
Kikubaaqudgha
Nemelex Xobeh
Okawaru
Qazlal
Ru
Sif Muna
Trog
Uskayaw
Vehumet
Wu Jian
Xom
Yredelemnul
Zin
The Shining One

Shops:
D:5 !


Innate Abilities, Weirdness & Mutations

You are immune to sickness and miasma.
Your stone body is resilient. (AC +6)
You are immune to poison.
You resist negative energy. (rN+)
You are resistant to electric shocks. (rElec)
You are resistant to unholy torment.
You are immune to petrification.


Message History

You closely miss Joseph.
Joseph is almost dead.
You block the gnoll sergeant's attack. Joseph hits you with a +0 quarterstaff.
* * * LOW HITPOINT WARNING * * *
You block the gnoll sergeant's attack. You block Joseph's attack.
You feel much better. You block the gnoll sergeant's attack.
You block Joseph's attack.
You slash Joseph!
You kill Joseph!
Okawaru is honoured by your kill. You block the gnoll sergeant's attack.
Your Evocations skill increases to level 4!
You block the gnoll's attack. You block the gnoll sergeant's attack.
Things that are here:
a +0 quarterstaff; a +0 sling; a +0 ring mail You slash the gnoll sergeant!
The gnoll sergeant is moderately wounded.
You hear a shout!
You block the gnoll's attack.
The gnoll sergeant hits you with a +2 trident of flaming.
The gnoll sergeant burns you. You block the gnoll sergeant's attack.
The gnoll closely misses you.
You barely miss the gnoll sergeant.
The gnoll sergeant is moderately wounded.
The gnoll hits you from afar with a +0 halberd!
You block the gnoll sergeant's attack.
You barely miss the gnoll sergeant.
The gnoll sergeant is moderately wounded.
You block the gnoll's attack.
The gnoll sergeant hits you with a +2 trident of flaming!
* * * LOW HITPOINT WARNING * * *
The gnoll sergeant burns you.
* * * LOW HITPOINT WARNING * * *
The gnoll sergeant hits you but does no damage.
You block the gnoll's attack.
You slash the gnoll sergeant!
The gnoll sergeant is heavily wounded.
You block the gnoll's attack.
The gnoll sergeant hits you with a +2 trident of flaming.
You die...

#.! .# #. #.# .# #.
.######.### .# #####.
$.........##.# #.....
...##.#......# #.####
# #......# #.# #
###.#..# #.# # #.#..#
#.# # ###@#..# #.#
#gg##..# #.#
.###ogg...# ##.##
#...o.o..## ##.#.###
####.#.## ##.###).#
###....######.## ##..
+..............###...
###....########.#....
#.#.## ##..#.#


You could see an orc warrior, a gnoll sergeant, 2 gnolls and an orc.

Vanquished Creatures
  Pikel (D:7)
  Joseph (D:7)
  Grinder (Sewer)
  Prince Ribbit (D:7)
  Duvessa (D:6)
  A sky beast (D:7)
  An ice beast (D:7)
  A centaur (D:6)
  A lemure (D:7)
  4 phantoms
  A kobold brigand (Sewer)
  2 necrophages (D:4)
  A bullfrog (D:6)
  2 scorpions (D:4)
  A wight (Sewer)
  Dowan (D:6)
  A howler monkey (D:5)
  2 electric eels (D:6)
  2 hounds
  2 jellies
  3 iguanas
  5 adders
  3 gnolls (D:3)
  A shadow imp (Sewer)
  A white imp (D:4)
  6 ufetubi
  4 worms
  9 orcs
  12 ball pythons
  6 bats
  A bat zombie (Sewer)
  9 endoplasms
  7 giant cockroaches
  3 goblins
  7 hobgoblins
  7 jackals
  6 quokkas
  2 frilled lizards (D:1)
  A giant cockroach zombie (Sewer)
  23 kobolds
  A kobold zombie (Sewer)
  6 rats
151 creatures vanquished.

Vanquished Creatures (others)
  8 plants
8 creatures vanquished.

Grand Total: 159 creatures vanquished

Notes
Turn   | Place    | Note
-------+----------+-------------------------------------------
     0 | D:1      | bande the Gargoyle Fighter began the quest for the Orb.
     0 | D:1      | Reached XP level 1. HP: 14/14 MP: 1/1
    69 | D:1      | Reached XP level 2. HP: 19/19 MP: 2/2
   113 | D:1      | You fall into a shaft and drop 1 floor!
   401 | D:1      | Reached XP level 3. HP: 23/23 MP: 3/3
   728 | D:1      | Found an ornate altar of the Wu Jian Council.
  1020 | D:2      | Found a faded altar of an unknown god.
  1463 | D:3      | Found a glowing drain.
  1481 | Sewer    | Entered a sewer
  1483 | Sewer    | Reached XP level 4. HP: 29/29 MP: 4/4
  1594 | Sewer    | Found an ancient bone altar of Kikubaaqudgha.
  1605 | Sewer    | Reached XP level 5. HP: 6/33 MP: 5/5
  1918 | Sewer    | Noticed a kobold brigand
  1932 | Sewer    | Killed a kobold brigand
  1968 | Sewer    | Noticed a phantom
  1973 | Sewer    | Reached XP level 6. HP: 38/38 MP: 6/6
  2016 | Sewer    | Noticed Grinder
  2036 | Sewer    | Killed Grinder
  2037 | Sewer    | Reached skill level 5 in Shields
  2037 | Sewer    | Reached XP level 7. HP: 18/44 MP: 7/7
  2447 | D:3      | Identified the +3 chain mail "Vyotiod" {Regen+}
  3111 | D:4      | Reached skill level 5 in Axes
  3264 | D:4      | Reached skill level 1 in Evocations
  3593 | D:4      | Reached XP level 8. HP: 39/48 MP: 8/8
  3980 | D:5      | Entered Level 5 of the Dungeon
  4172 | D:5      | Found Anituq's Distillery.
  4491 | D:5      | Found the +6 shillelagh "Devastator" {shatter}
  4617 | D:6      | Reached skill level 5 in Fighting
  4617 | D:6      | Reached skill level 5 in Armour
  4849 | D:6      | Found a stormy altar of Qazlal.
  4851 | D:6      | Found a shimmering blue altar of Sif Muna.
  4851 | D:6      | Found a bloodstained altar of Trog.
  4862 | D:6      | Found an ancient bone altar of Kikubaaqudgha.
  4863 | D:6      | Found an ornate altar of the Wu Jian Council.
  4863 | D:6      | Found a sparkling altar of Nemelex Xobeh.
  4941 | D:6      | Found a sacrificial altar of Ru.
  5133 | D:6      | Found a blossoming altar of Fedhas.
  5134 | D:6      | Noticed Duvessa
  5138 | D:6      | Noticed Dowan
  5143 | D:6      | Killed Duvessa
  5147 | D:6      | Killed Dowan
  5383 | D:6      | Reached XP level 9. HP: 54/54 MP: 9/9
  5822 | D:6      | Found a staircase to the Ecumenical Temple.
  6051 | Temple   | Entered the Ecumenical Temple
  6106 | Temple   | Became a worshipper of Warmaster Okawaru
  6333 | D:7      | Noticed Prince Ribbit
  6348 | D:7      | Killed Prince Ribbit
  6349 | D:7      | Reached skill level 1 in Invocations
  6404 | D:7      | Noticed Pikel
  6427 | D:7      | Killed Pikel
  6427 | D:7      | Reached * piety under Okawaru
  6738 | D:7      | Noticed Joseph
  6761 | D:7      | Killed Joseph
  6765 | D:7      | HP: 2/54 [gnoll sergeant/+2 trident of flaming (5)]
  6766 | D:7      | Slain by a gnoll sergeant

Illustrated notes

Levels and vault maps discovered:
D:1:      dpeg_arrival_water_altar, layout_basic
D:2:      layout_loops_ring, dilly_ecumenical_altar_fadedgnrine
D:3:      layout_loops_cross, portal_sewer_entry_f,
          minmay_randomly_rotated_circles
D:4:      layout_basic, minmay_misc_feat_tower
D:5:      layout_gridville, serial_shops, shop
D:6:      layout_gridville, grunt_temple_overflow_open,
          fedhas_bush_and_centaur_altar, minmay_temple_entry_crystal_x,
          minmay_misc_feat_tiny, chequers_big_river, uniq_duvessa
D:7:      layout_loops_corners, makhleb_altar_promises_db, serial_shops, shop,
          palyth_stone_intersect, uniq_prince_ribbit1, uniq_joseph, uniq_pikel
Temple:   dshaligram_water_room_temple

Skill      XL: |  1  2  3  4  5  6  7  8  9 |
---------------+----------------------------+-----
Axes           | 2 3 4 5 6 7 |  7.3
Shields        | 4 5 7 |  7.9
Fighting       | 4 5 |  5.5
Armour         | 4 5 6 |  6.1
Evocations     | 1 3 4 |  4.0
Invocations    | 2 |  2.6

Action                     |  1- 3 |  4- 6 |  7- 9 || total
---------------------------+-------+-------+-------++-------
  Melee: War axe           |   117 |    67 |   368 ||   552
    Use: Scroll            |     3 |       |     5 ||     8
         Potion            |       |       |     1 ||     1
 Armour: Scale mail        |    69 |    61 |   184 ||   314
  Dodge: Dodged            |    29 |    22 |    85 ||   136
  Block: Buckler           |     3 |       |       ||     3
         Tower shield      |   120 |    98 |   426 ||   644
         Reflection        |       |     2 |     8 ||    10

Table legend: (Time is in decaauts)
 A = Elapsed time spent in this place.
 B = Non-inter-level travel time spent in this place.
 C = Inter-level travel time spent in this place.
 D = Time resting spent in this place.
 E = Time spent auto-exploring this place.
 F = Levels seen in this place.
 G = Mean time per level.
                   A        B        C        D        E       F      G
               +--------+--------+--------+--------+--------+-----+--------+
         Total |   7127 |   6852 |    275 |   1148 |   4098 |   9 |  791.9 |
       Dungeon |   6224 |   5949 |    275 |    750 |   3852 |   7 |  889.1 |
        Temple |     75 |     75 |      0 |      0 |     43 |   1 |   75.0 |
         Sewer |    827 |    827 |      0 |    398 |    203 |   1 |  827.0 |
               +--------+--------+--------+--------+--------+-----+--------+

Top non-repeatable levels by time:
     D:6: 1615 daAuts
     D:4: 959 daAuts
     D:3: 936 daAuts
   Sewer: 827 daAuts
     D:1: 796 daAuts
     D:2: 720 daAuts
     D:5: 614 daAuts
     D:7: 581 daAuts
  Temple: 75 daAuts
